 Dungeon Crawl Stone Soup version 0.13-a0-1577-g2bae144 (webtiles) character file.

221 Kae the Chiller (level 4, -3/33 HPs)
             Began as a Draconian Ice Elementalist on June 11, 2013.
             Slain by a gnoll
             ... wielding a +0,+0 halberd
              (13 damage)
             ... on Level 2 of the Dungeon.
             The game lasted 00:03:31 (1717 turns).

Kae the Chiller (Draconian Ice Elementalist)        Turns: 1717, Time: 00:03:31

HP  -3/33        AC  7     Str 10      XL: 4   Next: 47%
MP   7/7         EV 12     Int 16      God:
Gold 121         SH  0     Dex 12      Spells:  2 memorised,  3 levels left

Res.Fire  : . . .   See Invis. : .   (no weapon)
Res.Cold  : . . .   Warding    : .   (armour unavailable)
Life Prot.: . . .   Conserve   : .   (no shield)
Res.Poison: .       Res.Corr.  : .   m - +2 elf wizard hat
Res.Elec. : .       Clarity    : .   (no cloak)
Sust.Abil.: . .     Spirit.Shd : .   (no gloves)
Res.Mut.  : .       Stasis     : .   (no boots)
Res.Rott. : .       Flight     : .   (no amulet)
Saprovore : . . .                    (no ring)
                                     (no ring)

@: slightly resistant to hostile enchantments, unstealthy
A: unfitting armour, AC +5
a: no special abilities


You were on level 2 of the Dungeon.
You were not hungry.

You visited 1 branch of the dungeon, and saw 2 of its levels.

You collected 101 gold pieces.

Inventory:

Armour
 m - a +2 elven wizard hat (worn)
Comestibles
 c - 2 bread rations
 j - a beef jerky
 n - an orange
 q - a meat ration
 r - a chunk of adder flesh
 s - a rotting chunk of adder flesh
Scrolls
 e - 2 scrolls of blinking {unknown}
 f - a scroll of recharging {unknown}
 h - a scroll of fog {unknown}
 k - a scroll of curse armour {unknown}
 t - a scroll of identify {unknown}
 u - a scroll of magic mapping {unknown}
Potions
 a - a potion of paralysis {unknown}
 d - a potion of flight {unknown}
 g - a potion of slowing {unknown}
 i - 3 potions of curing {unknown}
 l - a potion of invisibility {unknown}
 o - a potion of heal wounds {unknown}
 p - a potion of poison {unknown}
Books
 b - a book of Frost

   Spells                             Type                      Level
   *Freeze                            Ice                          1
   *Throw Frost                       Conjuration/Ice              2
   Ozocubu's Armour                   Charms/Ice                   3
   Throw Icicle                       Conjuration/Ice              4
   Summon Ice Beast                   Ice/Summoning                4
   Condensation Shield                Ice                          4


   Skills:
 - Level 1.7 Dodging
 - Level 1.7 Stealth
 + Level 1.8 Spellcasting
 * Level 2.3 Conjurations
 * Level 4.4 Ice Magic


You had 3 spell levels left.
You knew the following spells:

 Your Spells              Type           Power        Failure   Level  Hunger
a - Freeze                Ice            ###.         4%          1    ##.....
b - Throw Frost           Conj/Ice       ##....       10%         2    ###....


Dungeon Overview and Level Annotations

Branches:
Dungeon (2/27)

Altars:
Fedhas
the Shining One


Message History

The quokka twitches its whiskers.
You hit the quokka.
The quokka is moderately wounded.
The quokka barely misses you. The gnoll misses you.
Casting: Freeze
Confirm with . or Enter, or press ? or * to list all spells.
Aiming: Freeze
Press: ? - help, Shift-Dir - straight line, f - quokka
Aim: a quokka (moderately wounded)
You freeze the quokka.
You kill the quokka!
The gnoll hits you but does no damage.
Casting: Freeze
Confirm with . or Enter, or press ? or * to list all spells.
You can't see any susceptible monsters within range! (Use Z to cast anyway.)
There is a stone staircase leading up here.
The gnoll misses you.
The gnoll hits you from afar with a spear!
The gnoll hits you from afar with a halberd!
You die...

...##..........#.##.....# #.###
...#############.#####+#####...#
.....# #..<.....%....#.##
.....#################.#####.#...
......%..................).#.####
######################.#...#.#^..
######################.#.###.#..#
......>...........g..............
######.#########@.gg.#...........
....(..# #####.#..#........
.......# #.#.....###### .......#
######.#......).... .%%....#
#......############ .......#
#.###### ###'##.# #.# #.##.####
#.# #.##....# ###.######


You could see 3 gnolls.

Vanquished Creatures
  A gnoll (D:2)
  4 adders (D:2)
  An ooze (D:1)
  7 bats
  5 giant cockroaches
  8 goblins
  9 hobgoblins
  6 kobolds
  A quokka (D:2)
  2 giant geckos (D:2)
  A giant newt (D:1)
  7 rats
52 creatures vanquished.

Notes
Turn   | Place    | Note
--------------------------------------------------------------
     0 | D:1      | Kae, the Draconian Ice Elementalist, began the quest for the Orb.
     0 | D:1      | Reached XP level 1. HP: 14/14 MP: 3/3
   389 | D:1      | Reached XP level 2. HP: 20/20 MP: 2/4
   444 | D:1      | Learned a level 2 spell: Throw Frost
   913 | D:2      | Reached XP level 3. HP: 26/26 MP: 3/6
  1091 | D:2      | Reached skill level 4 in Ice Magic
  1206 | D:2      | Found a glowing golden altar of the Shining One.
  1391 | D:2      | Reached XP level 4. HP: 25/33 MP: 2/7
  1530 | D:2      | Found a blossoming altar of Fedhas.
  1717 | D:2      | Slain by a gnoll

Action                   |  1- 3 |  4- 6 || total
-------------------------+-------+-------++-------
Melee: Unarmed           |    65 |     5 ||    70
 Cast: Freeze            |    62 |    18 ||    80
